 Dungeon Crawl Stone Soup version 0.30-a0-1043-g60ff8d5f49 (webtiles) character file.

Game seed: 14972064400641151982

70 Pimp the Shield-Bearer (level 4, -4/35 HPs)
             Began as a Human Fighter on Apr 10, 2023.
             Slain by a gnoll
             ... wielding a +2 spear of venom
              (9 damage)
             ... on level 3 of the Dungeon.
             The game lasted 00:05:29 (2139 turns).

Pimp the Shield-Bearer (Human Fighter)              Turns: 2139, Time: 00:05:31

Health: -4/35      AC:  6    Str: 16    XL:     4   Next: 44%
Magic:  4/4        EV:  8    Int: 10    God:
Gold:   184        SH:  5    Dex: 13    Spells: 3/3 levels left

rFire   . . .      SeeInvis .    a - +0 war axe
rCold   . . .      Faith    .    c - +0 buckler
rNeg    . . .      Spirit   .    b - +0 scale mail
rPois   .          Reflect  .    (no helmet)
rElec   .          Rampage  .    (no cloak)
rCorr   +                        (no gloves)
Will    .....                    (no boots) Stlth
                                 (no amulet)
HPRegen 0.25/turn                q - ring of resist corrosion
MPRegen 0.09/turn                (no ring)

@: lethally poisoned (-4 -> -8)
A: no striking features
a: no special abilities


You were on level 3 of the Dungeon.
You visited 1 branch of the dungeon, and saw 3 of its levels.

You collected 184 gold pieces.

Inventory:

Hand Weapons
 a - a +0 war axe (weapon)
Armour
 b - a +0 scale mail (worn)
 c - a +0 buckler (worn)
Jewellery
 g - a ring of fire
 q - a ring of resist corrosion (left hand)
Scrolls
 e - 2 scrolls of poison
 h - a scroll of noise {unknown}
 r - 3 scrolls of fear
Potions
 d - a potion of might
 f - 2 potions of haste
 j - a potion of mutation {unknown}
 k - a potion of attraction {unknown}
 m - a potion of magic {unknown}
 o - a potion of experience {unknown}
 p - a potion of flight {unknown}
 t - a potion of heal wounds {unknown}


   Skills:
 + Level 3.5 Fighting
 + Level 2.7 Axes
 + Level 3.5 Armour
 + Level 3.5 Shields


You had 3 spell levels left.
You didn't know any spells.
Your spell library contained the following spells:

 Spells                   Type           Power      Damage    Failure   Level
 Vhi's Electric Charge    Tloc/Air       0%         N/A       99%         3
 Animate Dead             Necr           0%         N/A       100%        4
 Arcjolt                  Conj/Air       0%         1d10      100%        5
 Plasma Beam              Fire/Air       0%         2x1d11    100%        6
 Haunt                    Necr/Summ      0%         N/A       100%        7
 Infestation              Necr           0%         N/A       100%        8


Dungeon Overview and Level Annotations

Branches:
Dungeon (3/15)

Altars:
Gozag
Uskayaw


Message History

You hit the ball python.
You kill the ball python!
A gnoll comes into view. It is wielding a +0 whip.
The gnoll shouts!
A gnoll is nearby!
A gnoll is nearby!
A gnoll comes into view. It is wielding a +0 spear.
The gnoll shouts!
A gnoll comes into view. It is wielding a +0 halberd.
A gnoll comes into view. It is wielding a +2 spear of venom.
Found a hide-covered altar of Uskayaw.
The gnoll shouts! x2; You hear a shout!
The gnoll closely misses you. The gnoll hits you with a +0 whip.
You hit the gnoll.
The gnoll is moderately wounded.
The gnoll closely misses you.
You hit the gnoll.
The gnoll is severely wounded.
The gnoll throws a throwing net.
The throwing net hits you.
You become entangled in the net!
The gnoll hits you with a +0 whip.
You tear a large gash into the net.
The gnoll hits you from afar with a +0 halberd!
The gnoll barely misses you. x2
You struggle against the net.
The gnoll hits you from afar with a +0 halberd.
The gnoll hits you with a +0 whip.
The gnoll hits you from afar with a +2 spear of venom.
You are poisoned.
You rip the net and break free!
You feel sick.
The gnoll hits you from afar with a +0 halberd.
* * * LOW HITPOINT WARNING * * *
You block the gnoll's attack. The gnoll closely misses you.
You hit the gnoll but do no damage.
The gnoll is severely wounded.
You feel sick.
The gnoll hits you from afar with a +0 halberd.
* * * LOW HITPOINT WARNING * * *
The gnoll hits you from afar with a +2 spear of venom!
You die...

#.* *,._..# #.* *≈...≈#
#.* *≈.≈.≈#** #.##
*≈.≈.≈#,** **
###..#####≈.≈.≈#..** **,
#........≈g....≈...****,,
#........≈g.≈..≈...+,,,,,
#.#...##.≈g≈.≈.≈...****,,
*,#...##@g.≈.≈....#* **,
*,##.###..≈...≈..#* **
#.##.###.≈≈...≈≈#*
#...............#
####.####.†.≈...# #.#
#≈≈[..≈≈# #.# #≈≈...≈≈#
#.# ####....#### #.#
#.......#


You could see 4 gnolls.

Vanquished Creatures
  A gnoll (D:2)
  2 worms (D:2)
  A dart slug (D:1)
  6 ball pythons
  2 endoplasms
  2 giant cockroaches (D:2)
  6 goblins
  4 hobgoblins
  4 jackals (D:1)
  3 quokkas
  4 bats
  5 frilled lizards
  5 kobolds
  3 rats
48 creatures vanquished.

Notes
Turn   | Place    | Note
-------+----------+-------------------------------------------
     0 | D:1      | Pimp the Human Fighter began the quest for the Orb.
     0 | D:1      | Reached XP level 1. HP: 18/18 MP: 1/1
   210 | D:1      | Reached XP level 2. HP: 22/24 MP: 2/2
   565 | D:1      | Reached XP level 3. HP: 29/29 MP: 3/3
  1043 | D:2      | Found an opulent altar of Gozag.
  1356 | D:2      | Reached XP level 4. HP: 33/35 MP: 4/4
  2131 | D:3      | Found a hide-covered altar of Uskayaw.
  2139 | D:3      | Slain by a gnoll

Illustrated notes

Levels and vault maps discovered:
D:1:      reono_arrival_forest_river, layout_basic
D:2:      layout_loops_corners, minmay_hexomino_r4
D:3:      layout_loops_corners, nicolae_uskayaw_suspiria,
          hellmonk_ecumenical_altar_lost_god, serial_glass, glass_columns_b,
          glass_columns_b, kennysheep_donut

Action                     |  1- 3 |  4- 6 || total
---------------------------+-------+-------++-------
  Melee: War axe           |   107 |    35 ||   142
    Use: Scroll            |       |     7 ||     7
 Armour: Scale mail        |    56 |    15 ||    71
  Dodge: Dodged            |    38 |    11 ||    49
  Block: Buckler           |    19 |     8 ||    27

Table legend: (Time is in decaauts)
 A = Elapsed time spent in this place.
 B = Non-inter-level travel time spent in this place.
 C = Inter-level travel time spent in this place.
 D = Time resting spent in this place.
 E = Time spent auto-exploring this place.
 F = Levels seen in this place.
 G = Mean time per level.
                   A        B        C        D        E       F      G
               +--------+--------+--------+--------+--------+-----+--------+
         Total |   2201 |   2120 |     81 |    159 |   1484 |   3 |  733.7 |
       Dungeon |   2201 |   2120 |     81 |    159 |   1484 |   3 |  733.7 |
               +--------+--------+--------+--------+--------+-----+--------+

Top non-repeatable levels by time:
     D:2: 1197 daAuts
     D:1: 885 daAuts
     D:3: 119 daAuts
